 Dungeon Crawl Stone Soup version 0.13-a0-3016-gcb2faac (webtiles) character file.

839 PolkaDot the Jinx (level 6, -7/41 HPs)
             Began as a Vampire Enchanter on Sept 14, 2013.
             Was an Initiate of Sif Muna.
             Mangled by a yellow wasp (11 damage)
             ... on Level 6 of the Dungeon.
             The game lasted 00:16:24 (6463 turns).

PolkaDot the Jinx (Vampire Enchanter)               Turns: 6463, Time: 00:16:25

HP  -7/41        AC  0     Str  2      XL: 6   Next: 94%
MP   9/13        EV 20     Int 19      God: Sif Muna [......]
Gold 339         SH  0     Dex 19      Spells:  3 memorised,  2 levels left

Res.Fire  : . . .   See Invis. : +   l - melded +1,+3 orc dagger
Res.Cold  : + + .   Warding    : .   b - melded +1 robe
Life Prot.: + + +   Conserve   : .   (shield currently unavailable)
Res.Poison: +       Res.Corr.  : .   (helmet currently unavailable)
Res.Elec. : .       Clarity    : .   (cloak currently unavailable)
Sust.Abil.: . .     Spirit.Shd : .   (gloves currently unavailable)
Res.Mut.  : .       Stasis     : .   (boots currently unavailable)
Res.Rott. : +       Flight     : +   (no amulet)
Saprovore : . . .                    (ring currently unavailable)
                                     (ring currently unavailable)

@: bat-form, regenerating slowly, flying, very quick, slightly resistant to
hostile enchantments, very stealthy
A: bottle blood, (fangs 0), see invisible, (unbreathing)
a: Bottle Blood, End Transformation, Renounce Religion


You were on level 6 of the Dungeon.
You worshipped Sif Muna.
Sif Muna was pleased with you.
You were near bloodless.
You were in vampire bat-form.
You visited 2 branches of the dungeon, and saw 7 of its levels.

You collected 319 gold pieces.

Inventory:

Hand weapons
 a - a +1,+1 dagger {=f}
 l - a +1,+3 orcish dagger (melded)
Missiles
 d - 12 darts (quivered)
Armour
 b - a +1 robe (melded)
Magical devices
 e - a wand of polymorph (11) {unknown}
Scrolls
 f - a scroll of curse armour {unknown}
 g - 2 scrolls of enchant armour {unknown}
 h - a scroll of identify {unknown}
 i - a scroll of fear {unknown}
 j - 8 scrolls of remove curse {unknown}
 p - a scroll of curse weapon {unknown}
 q - a scroll of vulnerability {unknown}
 r - a scroll of curse jewellery {unknown}
 s - a scroll of recharging {unknown}
 t - a scroll of teleportation {unknown}
 u - a scroll of enchant weapon I {unknown}
 w - a scroll of blinking {unknown}
 x - a scroll of magic mapping {unknown}
 y - a scroll of enchant weapon II {unknown}
Jewellery
 m - an uncursed amulet of clarity {unknown}
 n - a cursed ring of teleportation {unknown}
 v - the amulet "Icleo" {Clar MR++ Str+4, unknown}
   (You found it on level 4 of the Dungeon)

   [amulet of clarity]

   It affects your strength (+4).
   It affects your resistance to hostile enchantments.
Potions
 k - 2 potions of blood
Books
 c - a book of Maledictions

   Spells                             Type                      Level
   *Corona                            Hexes                        1
   Sure Blade                         Hexes/Charms                 2
   Ensorcelled Hibernation            Hexes/Ice                    2
   *Confuse                           Hexes                        3
   *Enslavement                       Hexes                        4
   Invisibility                       Hexes                        6


   Skills:
 - Level 1.1 Short Blades
 - Level 0.7 Throwing
 - Level 2.1 Dodging
 + Level 5.0 Stealth
 + Level 2.9 Spellcasting
 * Level 9.7 Hexes


You had 2 spell levels left.
You knew the following spells:

 Your Spells              Type           Power        Failure   Level  Hunger
a - Corona                Hex            #####..      3%          1    None
c - Confuse               Hex            #####...     4%          3    ###....
e - Enslavement           Hex            #####...     12%         4    ####...


Dungeon Overview and Level Annotations

Branches:
Dungeon (6/27)             Temple (1/1) D:4
    Orc: D:6-11

Altars:
Ashenzari
Cheibriados
Elyvilon
Fedhas
Makhleb
Nemelex Xobeh
Okawaru
Sif Muna
Trog
Vehumet
Yredelemnul
Zin
the Shining One

Shops:
D:4 }(%


Innate Abilities, Weirdness & Mutations

You heal slowly.
You can bottle blood from corpses.
((You have razor-sharp teeth.))*
You have supernaturally acute eyesight.
((You can survive without breathing.))*


Message History

A hound and a goblin come into view.
The hound barely misses you. The hound bites you. The hound bites you.
Drink which item? (? for menu, Esc to quit)
Okay, then.
Read which item? (? for menu, Esc to quit)
As you read the scroll labeled BOOKOT ESAWN, it crumbles to dust.
Use on which item? (\ to view known items) (? for menu, Esc to quit)
Nothing appears to happen.
The giant frog closely misses you. The hound barely misses you.
The yellow wasp stings you!
* * * LOW HITPOINT WARNING * * *
Use which ability? (? or * to list)
You turn into a vampire bat.
Your uncursed glowing orcish dagger melds into your body.
Your +1 robe melds into your body.
The giant frog closely misses you. The hound bites you.
* * * LOW HITPOINT WARNING * * *
The yellow wasp stings you!
You die...

...... ....... .ho....
....... ... ..g...##.......
.... #K............ #....
..$##............. .....#
.................. .....
..................
#####..##########h.........
................bF........
S...........<..y..........
..........................
......y..................
......................<..
########################


You could see a giant frog, a yellow wasp and a hound.

Vanquished Creatures
  A necrophage (D:5)
  2 crimson imps (D:5)
  An orc priest (D:4)
  A hound (D:5)
  3 orc wizards (D:5)
  A worker ant (D:5)
  4 adders
  3 worms
  A giant eyeball (D:4)
  5 giant geckos
  2 oozes
  7 orcs
  2 giant cockroaches
  13 goblins
  11 hobgoblins
  2 quokkas (D:3)
  13 bats
  2 giant newts
  7 jackals
  11 kobolds
  41 rats
133 creatures vanquished.

Vanquished Creatures (others)
  An orc (D:5)
1 creature vanquished.

Grand Total: 134 creatures vanquished

Notes
Turn   | Place    | Note
--------------------------------------------------------------
     0 | D:1      | PolkaDot, the Vampire Enchanter, began the quest for the Orb.
     0 | D:1      | Reached XP level 1. HP: 13/13 MP: 4/4
   235 | D:1      | Reached skill level 5 in Hexes
   528 | D:1      | Reached XP level 2. HP: 19/19 MP: 5/5
  1062 | D:2      | Reached skill level 6 in Hexes
  1062 | D:2      | Reached XP level 3. HP: 15/24 MP: 6/6
  1067 | D:2      | Learned a level 3 spell: Confuse
  2300 | D:2      | Reached skill level 7 in Hexes
  2323 | D:2      | Reached XP level 4. HP: 27/30 MP: 8/8
  2682 | D:3      | Found a shattered altar of Ashenzari.
  3569 | D:4      | Found Veul Fie's Food Shoppe.
  3957 | D:4      | Reached XP level 5. HP: 33/35 MP: 6/10
  4012 | D:4      | Found Pnashoha's Weapon Boutique.
  4045 | D:4      | Reached skill level 8 in Hexes
  4050 | D:4      | Found Khaeraco's Gadget Shoppe.
  4327 | D:4      | Got an ancient steel amulet
  4466 | D:4      | Found a staircase to the Ecumenical Temple.
  4476 | Temple   | Entered the Ecumenical Temple
  4485 | Temple   | Became a worshipper of Sif Muna the Loreminder
  4491 | Temple   | Learned a level 4 spell: Enslavement
  4883 | D:5      | Entered Level 5 of the Dungeon
  4982 | D:5      | Noticed a necrophage
  5332 | D:5      | Noticed a phantom
  5932 | D:5      | Reached XP level 6. HP: 19/41 MP: 2/12
  6283 | D:5      | Reached skill level 9 in Hexes
  6315 | D:5      | Killed a necrophage
  6372 | D:5      | Reached skill level 5 in Stealth
  6463 | D:6      | Mangled by a yellow wasp

Action                   |  1- 3 |  4- 6 || total
-------------------------+-------+-------++-------
Melee: Dagger            |   164 |   241 ||   405
Throw: Dart              |     6 |       ||     6
 Cast: Corona            |     1 |     2 ||     3
       Confuse           |     1 |    42 ||    43
 Abil: Bottle Blood      |       |     2 ||     2
       Bat Form          |       |     1 ||     1
  Use: Potion            |     1 |     8 ||     9
       Scroll            |       |     1 ||     1
 Stab: Sleeping          |     8 |     3 ||    11
       Confused          |     1 |    15 ||    16
       Distracted        |       |     2 ||     2
       Invisible         |       |     1 ||     1
